 Dungeon Crawl Stone Soup version 0.26-a0-712-ga5a9c9c9d0 (webtiles) character file.

Game seed: 16300159130468442321

6930 kae the Martial Artist (level 11, -3/65 (66) HPs)
             Began as an Octopode Transmuter on Nov 11, 2020.
             Was a Priest of Hepliaklqana.
             Slain by a cyan ugly thing (15 damage)
             ... on level 11 of the Dungeon.
             The game lasted 00:11:23 (17057 turns).

kae the Martial Artist (Octopode Transmuter)       Turns: 17057, Time: 00:11:24

HP:   -3/65 (66)    AC:  1    Str: 12    XL:     11   Next: 7%
MP:   11/15         EV: 17    Int: 21    God:    Hepliaklqana [***...]
Gold: 1499          SH:  0    Dex: 14    Spells: 3/16 levels left

rFire    . . .     SeeInvis .     - Unarmed
rCold    . . .     Faith    .   (shield currently unavailable)
rNeg     + . .     Spirit   .   (helmet restricted)
rPois    .         Reflect  .   (no amulet)
rElec    .         Harm     .   j - ring of protection from magic
rCorr    .         Rampage  .   n - ring "Eschol" {Int+6 Slay+4}
MR       ++...                  w - ring of positive energy
Stlth    ++........             (no ring)
HPRegen  0.20/turn              u - ring of protection from magic
MPRegen  0.14/turn              (no ring)
                                (no ring)
                                (no ring)

@: blade tentacles
A: almost no armour, stealthy swim, amphibious, 8 rings, constrict 8, reduced
essence, camouflage 1, gelatinous body 1
a: End Transformation, Recall Ancestor, Ancestor Identity, Transference,
Renounce Religion


You were on level 11 of the Dungeon.
You worshipped Hepliaklqana.
Hepliaklqana was most pleased with you.
You had blades for tentacles.
You visited 2 branches of the dungeon, and saw 12 of its levels.

You collected 1551 gold pieces.
You spent 52 gold pieces at shops.

Inventory:

Jewellery
 c - an uncursed ring of fire
 j - a ring of protection from magic (left scythe-like blade)
 n - the ring "Eschol" (right scythe-like blade) {Int+6 Slay+4}
   (You acquired it on level 11 of the Dungeon)

   [ring of intelligence]

   It affects your intelligence (+6).
   It affects your accuracy and damage with ranged weapons and melee attacks
   (+4).
 u - a ring of protection from magic (on tentacle)
 w - a ring of positive energy (on tentacle)
Wands
 l - a wand of flame (14)
 q - a wand of digging (3)
 t - a wand of random effects (27)
 z - a wand of polymorph (6)
Scrolls
 a - 5 scrolls of remove curse
 b - 10 scrolls of identify
 e - 3 scrolls of enchant armour
 k - 3 scrolls of enchant weapon
 m - 4 scrolls of magic mapping
 o - 2 scrolls of teleportation
 x - a scroll of immolation {unknown}
 y - a scroll of fear {unknown}
Potions
 d - 2 potions of might
 f - a potion of brilliance
 g - 4 potions of heal wounds
 h - 2 potions of stabbing
 i - 4 potions of flight
 p - 2 potions of ambrosia
 r - 2 potions of magic
 s - a potion of resistance
 v - 4 potions of curing
 A - a potion of experience {unknown}


   Skills:
 + Level 6.6 Fighting
 + Level 6.9 Dodging
 * Level 10.0 Unarmed Combat
 - Level 3.0 Spellcasting
 * Level 9.7 Transmutations
 - Level 2.0 Poison Magic


You had 3 spell levels left.
You knew the following spells:

 Your Spells              Type           Power        Failure   Level
a - Beastly Appendage     Tmut           #####.       10%         1
b - Spider Form           Tmut/Pois      ####......   28%         3
c - Blade Hands           Tmut           #####.....   38%         5
d - Ice Form              Ice/Tmut       ###.....     61%         4

Your spell library contained the following spells:

 Spells                   Type           Power        Failure   Level
 Wereblood                Tmut           #####...     11%         2
 Corona                   Hex            #......      52%         1
 Freeze                   Ice            #...         52%         1
 Slow                     Hex            #.......     63%         2
 Confusing Touch          Hex            #.......     78%         3
 Frozen Ramparts          Ice            #.....       78%         3
 Gell's Gravitas          Tloc           #.........   78%         3
 Inner Flame              Hex/Fire       #.......     78%         3
 Ozocubu's Armour         Ice            #.......     78%         3
 Portal Projectile        Hex/Tloc       #.....       78%         3
 Petrify                  Tmut/Erth      ###.....     61%         4
 Yara's Violent Unravell  Hex/Tmut       ###.......   85%         5
 Cause Fear               Hex            #.........   98%         4
 Hailstorm                Conj/Ice       #.......     98%         4
 Leda's Liquefaction      Hex/Erth       #.........   98%         4
 Summon Ice Beast         Ice/Summ       #.......     98%         4
 Metabolic Englaciation   Hex/Ice        #.........   100%        5


Dungeon Overview and Level Annotations

Branches:
Dungeon (11/15)            Temple (1/1) D:5            Lair (0/6) D:8
    Orc: D:9-12

Altars:
Ashenzari
Cheibriados
Dithmenos
Elyvilon
Fedhas
Gozag
Hepliaklqana
Kikubaaqudgha
Makhleb
Nemelex Xobeh
Okawaru
Qazlal
Ru
Sif Muna
Trog
Uskayaw
Vehumet
Wu Jian
Xom
Yredelemnul
Zin
The Shining One

Shops:
D:5 (   D:6 =   D:7 (}*

Annotations:
D:8 1 runed translucent door, zikan's ghost, novice GnFi


Innate Abilities, Weirdness & Mutations

You cannot wear most types of armour.
You are very stealthy in the water. (Stealth+)
You are amphibious.
You can wear up to eight rings at the same time.
You can use your tentacles to constrict eight enemies at once.
Your skin changes colour to match your surroundings (Stealth+).
Your rubbery body absorbs attacks. (AC +1, EV +1)
Your life essence is reduced to manifest your ancestor. (-10% HP)


Message History

You slice the cyan ugly thing!!
The cyan ugly thing is heavily wounded.
You constrict the cyan ugly thing, but do no damage.
The cyan ugly thing barely misses you.
Tlalli hits the cyan ugly thing with a +0 dagger of draining.
Tlalli drains the cyan ugly thing.
You slash the cyan ugly thing! You squeeze the cyan ugly thing!
The cyan ugly thing is almost dead.
You constrict the cyan ugly thing. The cyan ugly thing punches you!
The cyan ugly thing shocks you!
* * * LOW HITPOINT WARNING * * *
You are too injured to fight recklessly!
You hit the cyan ugly thing.
The cyan ugly thing is almost dead.
You constrict the cyan ugly thing, but do no damage.
Tlalli barely misses the cyan ugly thing.
The cyan ugly thing punches you.
* * * LOW HITPOINT WARNING * * *
The cyan ugly thing shocks you!
You die...

#................#....#
#.........>......#....#
#.............<..'....#
#................#....#
#................#....#
#######'##########'####
#......................
#......................
#....R@................
#.....u................
+......................
#......................
#......................
###+######.........####
###.......#<..
#.......#...
#...)...#R##


You could see the friendly Tlalli the hexer and a cyan ugly thing (drained).

Vanquished Creatures
  A two-headed ogre (D:8)
  An ugly thing (D:11)
  A manticore (D:9)
  A komodo dragon (D:8)
  A queen bee (D:11)
  Sigmund (D:2)
  2 wyverns
  Eustachio (D:6)
  2 orc warriors
  An ice beast (D:5)
  3 phantoms
  4 ogres
  2 necrophages (D:10)
  3 centaurs
  A big kobold (D:9)
  3 bullfrogs
  A gnoll sergeant (D:9)
  4 scorpions
  9 killer bees
  A wight (D:10)
  3 howler monkeys
  A quasit (D:4)
  A bullfrog zombie (D:10)
  A centaur skeleton (D:7)
  An orc priest (D:11)
  A bullfrog skeleton (D:8)
  3 iguanas
  6 orc wizards
  8 worker ants
  A killer bee zombie (D:6)
  Robin (D:2)
  3 gnolls (D:9)
  A worker ant zombie (D:10)
  16 adders
  5 shadow imps
  An ufetubus (D:5)
  3 worms
  3 dart slugs
  8 leopard geckos
  28 orcs
  5 bats
  7 giant cockroaches
  15 goblins
  16 hobgoblins
  2 jackals (D:1)
  11 kobolds
  5 quokkas
  2 ball pythons
  11 frilled lizards
  A leopard gecko skeleton (D:7)
  8 rats
221 creatures vanquished.

Vanquished Creatures (collateral kills)
  Erolcha (D:10)
  An ice beast (D:9)
  An ogre (D:7)
  A big kobold (D:10)
  A killer bee (D:9)
  A wight (D:7)
  A howler monkey (D:7)
  An orc wizard (D:6)
  An orc priest (D:8)
  A centaur skeleton (D:8)
  2 adders
  A gnoll (D:9)
  A shadow imp (D:9)
  An ooze (D:6)
  3 orcs
  3 kobolds
21 creatures vanquished.

Vanquished Creatures (others)
  4 ancestors (D:8)
  6 plants (D:8)
  2 withered plants (D:10)
12 creatures vanquished.

Grand Total: 254 creatures vanquished

Notes
Turn   | Place    | Note
-------+----------+-------------------------------------------
     0 | D:1      | kae the Octopode Transmuter began the quest for the Orb.
     0 | D:1      | Reached XP level 1. HP: 13/13 MP: 3/3
   305 | D:1      | Reached XP level 2. HP: 18/18 MP: 3/5
   978 | D:1      | Reached XP level 3. HP: 22/23 MP: 4/6
   987 | D:1      | Learned a level 3 spell: Spider Form
  1840 | D:2      | Reached skill level 1 in Poison Magic
  1846 | D:2      | Reached XP level 4. HP: 18/28 MP: 5/7
  2353 | D:2      | Noticed Sigmund
  2383 | D:2      | Killed Sigmund
  2383 | D:2      | Reached skill level 4 in Unarmed Combat
  2383 | D:2      | Reached XP level 5. HP: 13/34 MP: 4/8
  2584 | D:2      | Reached XP level 6. HP: 39/39 MP: 7/9
  2713 | D:2      | Noticed Robin
  2721 | D:2      | Killed Robin
  4230 | D:3      | Found a broken altar of Ashenzari.
  4284 | D:3      | Found a basalt altar of Yredelemnul.
  4286 | D:3      | Found a glowing silver altar of Zin.
  4753 | D:3      | Found a blossoming altar of Fedhas.
  4977 | D:4      | Reached XP level 7. HP: 37/45 MP: 8/11
  5346 | D:4      | Found an ancient bone altar of Kikubaaqudgha.
  5951 | D:4      | Found an ornate altar of the Wu Jian Council.
  6305 | D:5      | Entered Level 5 of the Dungeon
  6342 | D:5      | Reached skill level 5 in Unarmed Combat
  6839 | D:5      | Found a stormy altar of Qazlal.
  6839 | D:5      | Found a shadowy altar of Dithmenos.
  6875 | D:5      | Reached skill level 5 in Transmutations
  6953 | D:4      | Reached XP level 8. HP: 12/52 MP: 12/12
  7300 | D:5      | Found an opulent altar of Gozag.
  7409 | D:5      | HP: 2/52 [poisoned by a worker ant]
  7803 | D:5      | Found a glowing golden altar of the Shining One.
  8073 | D:5      | Found a staircase to the Ecumenical Temple.
  8095 | D:5      | Found Mubi's Antique Weapon Boutique.
  8247 | Temple   | Entered the Ecumenical Temple
  8454 | Temple   | Became a worshipper of Hepliaklqana the Forgotten
  8484 | D:6      | Found an iron altar of Okawaru.
  8762 | D:6      | Reached skill level 6 in Unarmed Combat
 10154 | D:6      | Noticed Eustachio
 10169 | D:6      | Killed Eustachio
 10513 | D:6      | Found Lufirch's Jewellery Shoppe.
 10565 | D:6      | Found a radiant altar of Vehumet.
 10565 | D:6      | Found an iron altar of Okawaru.
 10642 | D:6      | Reached XP level 9. HP: 47/52 MP: 10/13
 10738 | D:7      | Found Attut's General Store.
 10747 | D:7      | Bought a scroll of identify for 26 gold pieces
 10747 | D:7      | Bought a scroll of identify for 26 gold pieces
 10913 | D:7      | Found a shimmering altar of Xom.
 10913 | D:7      | Found a shimmering altar of Xom.
 10913 | D:7      | Found a shimmering altar of Xom.
 10913 | D:7      | Found a shimmering altar of Xom.
 10914 | D:7      | Found a shimmering altar of Xom.
 10915 | D:7      | Found a shimmering altar of Xom.
 10915 | D:7      | Found a shimmering altar of Xom.
 10966 | D:7      | Reached skill level 7 in Unarmed Combat
 11121 | D:7      | Found Geizodgh's Gadget Emporium.
 11296 | D:7      | Found Zailim's Weapon Emporium.
 11344 | D:7      | Reached * piety under Hepliaklqana
 11932 | D:7      | Found a shimmering altar of Xom.
 11938 | D:7      | Found a shimmering altar of Xom.
 11938 | D:7      | Found a shimmering altar of Xom.
 11991 | D:8      | Reached skill level 5 in Dodging
 12248 | D:8      | Found a staircase to the Lair.
 12248 | D:8      | Noticed a komodo dragon
 12563 | D:8      | Found a runed translucent door.
 12563 | D:8      | Found a shimmering altar of Xom.
 12563 | D:8      | Noticed a +2 dagger of chaos
 12563 | D:8      | Noticed zikan's ghost (novice GnFi)
 12577 | D:8      | Noticed a two-headed ogre
 12806 | D:8      | Learned a level 5 spell: Blade Hands
 12811 | D:8      | Learned a level 4 spell: Ice Form
 12946 | D:8      | Reached skill level 5 in Fighting
 13136 | D:8      | Killed a two-headed ogre
 13136 | D:8      | Reached skill level 8 in Unarmed Combat
 13520 | D:8      | Killed a komodo dragon
 13520 | D:8      | Reached XP level 10. HP: 38/59 MP: 11/14
 13760 | D:9      | Noticed a manticore
 13770 | D:9      | Killed a manticore
 14085 | D:9      | Reached skill level 9 in Unarmed Combat
 14206 | D:9      | Reached ** piety under Hepliaklqana
 14207 | D:9      | Remembered your ancestor Tlalli as a hexer
 15504 | D:10     | Entered Level 10 of the Dungeon
 15505 | D:10     | Identified a scroll of acquirement
 15505 | D:10     | Acquired 846 gold pieces
 16025 | D:10     | Reached *** piety under Hepliaklqana
 16355 | D:10     | Noticed Erolcha
 16363 | D:10     | Killed Erolcha
 16645 | D:11     | Acquired the ring "Eschol" {Int+6 Slay+4}
 16675 | D:11     | Noticed a cyan ugly thing
 16681 | D:11     | Killed a cyan ugly thing
 16692 | D:11     | Reached XP level 11. HP: 55/65 MP: 10/15
 16893 | D:11     | Reached skill level 10 in Unarmed Combat
 17045 | D:11     | Noticed a cyan ugly thing
 17057 | D:11     | Slain by a cyan ugly thing

Illustrated notes

Levels and vault maps discovered:
D:1:      sevenhm_arrival_forest_fort_small_3, layout_loops_ring, fountainhead
D:2:      layout_loops_corners, minmay_tiny_reverse_x, uniq_sigmund, uniq_robin
D:3:      layout_basic, grunt_temple_overflow_open, fedhas_altar_fruit_tree
D:4:      layout_loops_ring, kiku_gazebo_garden_becter,
          lemuel_coloured_pillars_altar, kennysheep_generic_room_15
D:5:      layout_rooms, nicolae_tso_carved_into_rock, grunt_gozag_breadcrumbs,
          chequers_temple_overflow_statue_of_worship,
          minmay_temple_entry_drinking_statues, serial_shops,
          nicolae_shop_statue_plus, serial_curves, eino_curves_02,
          eino_curves_04, eino_curves_03, eino_curves_02
D:6:      layout_gridville, gammafunk_temple_overflow_pools, serial_shops, shop,
          okawaru_ov_weapons_minmay, uniq_eustachio
D:7:      layout_basic, xom_shifter_show, serial_shops, shop, shop, shop,
          kennysheep_generic_room_16
D:8:      layout_basic, david_lair_shrubbed, ebering_ghost_xom
D:9:      layout_stronghold
D:10:     layout_stronghold, serial_undead, serial_undead_f, serial_undead_b,
          serial_undead_d, serial_undead_d, uniq_erolcha
D:11:     layout_gridville, ebering_ghost_reflecting_pool, minivault_7
Temple:   dpeg_chambers_temple

Skill      XL: |  1  2  3  4  5  6  7  8  9 10 11 |
---------------+----------------------------------+-----
Poison Magic   | 1 2 |  2.0
Fighting       | 2 3 4 5 6 |  6.6
Unarmed Combat | 4 5 6 8 9 10 | 10.0
Transmutations | 3 4 5 6 8 9 |  9.7
Dodging        | 3 4 5 6 |  6.9
Spellcasting   | 3 |  3.0

Action                   |  1- 3 |  4- 6 |  7- 9 | 10-12 || total
-------------------------+-------+-------+-------+-------++-------
Melee: Unarmed           |    73 |   125 |   333 |   128 ||   659
       Constrict         |    24 |    30 |    23 |    15 ||    92
       Kick              |    14 |    14 |    23 |     4 ||    55
       Tentacles         |    11 |    17 |    22 |     9 ||    59
       Punch             |     1 |     1 |     5 |     3 ||    10
 Cast: Beastly Appendage |    20 |    25 |    22 |     3 ||    70
       Spider Form       |       |     2 |    29 |    14 ||    45
       Blade Hands       |       |       |       |     9 ||     9
Invok: Ancestor Life: He |       |       |       |     1 ||     1
  Use: Potion            |       |     1 |     1 |       ||     2
       Scroll            |       |     6 |    11 |     4 ||    21
 Stab: Sleeping          |     1 |     5 |     2 |     1 ||     9
       Distracted        |       |       |     1 |       ||     1
       Confused          |       |       |       |     1 ||     1
Armor: Skin              |     4 |    11 |    17 |     4 ||    36
Dodge: Dodged            |    34 |    86 |   323 |   141 ||   584

Table legend: (Time is in decaauts)
 A = Elapsed time spent in this place.
 B = Non-inter-level travel time spent in this place.
 C = Inter-level travel time spent in this place.
 D = Time resting spent in this place.
 E = Time spent auto-exploring this place.
 F = Levels seen in this place.
 G = Mean time per level.
                   A        B        C        D        E       F      G
               +--------+--------+--------+--------+--------+-----+--------+
         Total |  16980 |  16616 |    364 |   1551 |  13034 |  12 | 1415.0 |
       Dungeon |  16759 |  16430 |    329 |   1551 |  12849 |  11 | 1523.5 |
        Temple |    220 |    186 |     34 |      0 |    185 |   1 |  220.0 |
               +--------+--------+--------+--------+--------+-----+--------+

Top non-repeatable levels by time:
     D:5: 2059 daAuts
     D:6: 1871 daAuts
     D:9: 1848 daAuts
     D:1: 1841 daAuts
     D:2: 1723 daAuts
     D:8: 1625 daAuts
     D:4: 1602 daAuts
     D:3: 1363 daAuts
     D:7: 1283 daAuts
    D:10: 1133 daAuts
    D:11: 406 daAuts
  Temple: 220 daAuts
